 Dungeon Crawl Stone Soup version 0.27.0-1-g7a089689b8 (webtiles) character file.

Game seed: 1472092829698753003

60 tilp the Skirmisher (level 4, -2/48 HPs)
             Began as an Ogre Delver on Aug 6, 2021.
             Slain by a water moccasin (3 damage)
             ... in a sewer.
             The game lasted 00:02:23 (716 turns).

tilp the Skirmisher (Ogre Delver)                    Turns: 716, Time: 00:02:23

Health: -2/48      AC:  3    Str: 17    XL:     4   Next: 6%
Magic:  4/4        EV:  9    Int: 11    God:
Gold:   0          SH:  0    Dex: 10    Spells: 3/3 levels left

rFire    . . .     SeeInvis .   b - +0 war axe
rCold    . . .     Faith    .   (no shield)
rNeg     . . .     Spirit   .   h - +0 robe
rPois    .         Reflect  .   (helmet restricted)
rElec    .         Harm     .   (no cloak)
rCorr    .         Rampage  .   (gloves unavailable)
Will     .....                  (boots unavailable)
Stlth    ++........             (no amulet)
HPRegen  0.16/turn              (no ring)
MPRegen  0.09/turn              (no ring)

@: lethally poisoned (-2 -> -34)
A: large, unfitting armour, tough skin 1
a: no special abilities


You were in a sewer.
You visited 1 branch of the dungeon, and saw 2 of its levels.
You also visited: Sewer.

Inventory:

Hand Weapons
 a - a +0 mace
 b - a +0 war axe (weapon)
 e - a +1 hand axe of freezing
 i - a +2 hand axe of pain
Missiles
 k - 8 stones (quivered)
Armour
 h - a +0 robe (worn)
Wands
 g - a wand of digging (3)
 m - a wand of flame (3)
Scrolls
 c - a scroll of fog
Potions
 d - a potion of attraction {unknown}
 f - 2 potions of haste
 j - a potion of magic {unknown}
 l - a potion of heal wounds {unknown}
 n - a potion of ambrosia {unknown}


   Skills:
 - Level 4.0 Fighting
 + Level 3.8 Maces & Flails
 - Level 1.7 Dodging
 - Level 3.7 Stealth


You had 3 spell levels left.
You didn't know any spells.
Your spell library contained the following spells:

 Spells                   Type           Power      Damage    Failure   Level
 Petrify                  Tmut/Erth      0%         N/A       98%         4
 Metabolic Englaciation   Hex/Ice        0%         N/A       100%        5
 Statue Form              Tmut/Erth      0%         N/A       100%        6


Dungeon Overview and Level Annotations

Branches:
Dungeon (5/15)              Sewer (1/1)
 Temple: D:4-7

Altars:


Innate Abilities, Weirdness & Mutations

You are too large for most types of armour.
You have tough skin. (AC +1)


Message History

You see here a +1 hand axe of freezing.
e - a +1 hand axe of freezing You enter the shallow water.
Moving in this stuff is going to be slow.
m - a wand of flame (3)
There are no items here.
You see here a purple potion.
Okay, then.
n - a purple potion The water moccasin misses you.
You miss the water moccasin. The water moccasin bites you.
You are poisoned.
The water moccasin poisons you! The water moccasin bites you.
You slash the water moccasin!
The water moccasin is heavily wounded.
You feel very sick.
The water moccasin bites you but does no damage.
The water moccasin barely misses you.
You barely miss the water moccasin.
The water moccasin is heavily wounded.
You feel sick. The water moccasin barely misses you.
The water moccasin bites you.
You are more poisoned.
The water moccasin poisons you!
You miss the water moccasin.
The water moccasin is heavily wounded.
You feel very sick. The water moccasin bites you.
* * * LOW HITPOINT WARNING * * *
You are lethally poisoned!
The water moccasin poisons you! The water moccasin bites you.
* * * LOW HITPOINT WARNING * * *
You are more poisoned.
The water moccasin poisons you!
You slash the water moccasin!
The water moccasin is almost dead.
* * * LOW HITPOINT WARNING * * *
You feel extremely sick. The water moccasin bites you.
You die...

#.≈≈# #≈S.#
##..###..##
#..≈#≈..#
##.≈≈..##
#...≈≈#
##...##
###.≈≈###
#..#≈#S[#
#).#.#.@#
#########


You could see a water moccasin.

Vanquished Creatures
  A hound skeleton (D:4)
  A river rat (D:4)
  2 adders (D:4)
  A worm (D:4)
  3 orcs (D:4)
  3 giant cockroaches (D:4)
  2 jackals (Sewer)
  3 kobolds (Sewer)
16 creatures vanquished.

Notes
Turn   | Place    | Note
-------+----------+-------------------------------------------
     0 | D:5      | tilp the Ogre Delver began the quest for the Orb.
     0 | D:5      | Reached XP level 1. HP: 24/24 MP: 1/1
     3 | D:5      | Noticed a scorpion
    90 | D:4      | Reached XP level 2. HP: 20/32 MP: 2/2
   167 | D:4      | Reached XP level 3. HP: 34/39 MP: 3/3
   385 | D:4      | Found a glowing drain.
   478 | Sewer    | Entered a sewer
   486 | Sewer    | Reached XP level 4. HP: 47/48 MP: 4/4
   673 | Sewer    | Noticed a water moccasin
   716 | Sewer    | HP: 1/48 [poisoned by a water moccasin]
   716 | Sewer    | Slain by a water moccasin

Illustrated notes

Levels and vault maps discovered:
D:4:      layout_basic, gup_sewer_entry_spiral
D:5:      minmay_general_purpose_star, layout_loops_ring,
          riverfiend_overflow_shadow_ancestor, nicolae_overflow_hidden_temple,
          minmay_guarded_unrand_staff_of_olgreb
Sewer:    sewer_the_moccasin

Skill      XL: |  1  2 |
---------------+-------+-----
Maces & Flails | 2 3 |  3.8
Fighting       | |  4.0
Dodging        | |  1.7
Stealth        | |  3.7

Action                   |  1- 3 |  4- 6 || total
-------------------------+-------+-------++-------
Melee: War axe           |    46 |    11 ||    57
  Use: Scroll            |     1 |     1 ||     2
 Stab: Sleeping          |     2 |       ||     2
Armor: Robe              |    12 |     5 ||    17
Dodge: Dodged            |    22 |    11 ||    33
